 Dungeon Crawl Stone Soup version 0.21-a0-210-gbfa5647 (webtiles) character file.

158 Herrn the Bolt Thrower (level 5, 0/42 HPs)
             Began as a Formicid Wanderer on Aug 21, 2017.
             Was an Initiate of Okawaru.
             Slain by an orc wizard
             ... wielding a +0 dagger
              (3 damage)
             ... on level 3 of the Dungeon.
             The game lasted 00:05:36 (2846 turns).

Herrn the Bolt Thrower (Formicid Wanderer)          Turns: 2846, Time: 00:05:36

Health: 0/42       AC:  2    Str: 15    XL:     5   Next: 66%
Magic:  5/5        EV: 11    Int: 15    God:    Okawaru [......]
Gold:   62         SH:  0    Dex:  9    Spells: 4/4 levels left

rFire    . . .     SeeInvis +   a - +2 hand crossbow
rCold    . . .     Gourm    .   (no shield)
rNeg     . . .     Faith    .   d - +0 robe
rPois    .         Spirit   .   (helmet unavailable)
rElec    .         Reflect  .   (no cloak)
rCorr    .         Harm     .   (no gloves)
MR       .....                  (no boots)
Stlth    +.........             (no amulet)
HPRegen  0.14/turn              (no ring)
MPRegen  0.09/turn              (no ring)

@: confused
A: permanent stasis, dig shafts and tunnels, four strong arms, antennae 3
a: Dig, Shaft Self, Renounce Religion


You were on level 3 of the Dungeon.
You worshipped Okawaru.
Okawaru was noncommittal.
You were hungry.

You visited 1 branch of the dungeon, and saw 3 of its levels.

You collected 62 gold pieces.

Inventory:

Hand Weapons
 a - a +2 hand crossbow (weapon)
 o - a +0 hand axe
Missiles
 b - 21 bolts (quivered)
Armour
 d - a +0 robe (worn)
Scrolls
 g - 2 scrolls of teleportation {unknown}
 h - a scroll of amnesia {unknown}
 j - 2 scrolls of identify {unknown}
 l - 3 scrolls of remove curse {unknown}
 m - a scroll of immolation {unknown}
 v - a scroll of fog {unknown}
Potions
 c - 2 potions of lignification
 e - 2 potions of curing {unknown}
 i - 5 potions of agility {unknown}
 k - a potion of ambrosia {unknown}
 n - a potion of might {unknown}
 r - a potion of invisibility {unknown}
 s - a potion of brilliance {unknown}
 t - a potion of mutation {unknown}
 u - a potion of resistance {unknown}
Comestibles
 f - 2 bread rations
 p - a royal jelly
 q - 3 meat rations


   Skills:
 + Level 4.1 Fighting
 * Level 1.5 Axes
 + Level 5.7 Crossbows
 + Level 1.2 Armour
   Level 1.2 Shields
   Level 1.1 Evocations


You had 4 spell levels left.
You didn't know any spells.

Dungeon Overview and Level Annotations

Branches:
Dungeon (3/15)

Altars:
Okawaru
Trog


Innate Abilities, Weirdness & Mutations

You cannot be hasted, slowed, berserked, paralysed or teleported.
You can dig through walls and to a lower floor.
Your four strong arms can wield two-handed weapons with a shield.
You have a pair of large antennae on your head. (SInv)


Message History

You shoot a bolt. The bolt hits the orc.
The orc is heavily wounded.
The orc hits you but does no damage. The orc hits you with a falchion.
* * * LOW HITPOINT WARNING * * *
The orc wizard casts a spell at you.
You are confused.
Firing (i - inventory):
b - 23 bolts (quivered)
Press: ? - help, Shift-Dir - straight line, f/p - orc
Aim: an orc, wielding a falchion and wearing a shiny scale mail (heavily wounded, fast)
You shoot a bolt. The orc barely misses you.
The orc wizard hits you with a dagger.
* * * LOW HITPOINT WARNING * * *
The orc hits you with a falchion.
* * * LOW HITPOINT WARNING * * *
Firing (i - inventory):
b - 22 bolts (quivered)
Press: ? - help, Shift-Dir - straight line, f/p - orc
Aim: an orc, wielding a falchion and wearing a shiny scale mail (heavily wounded, fast)
You shoot a bolt. The bolt barely misses the orc.
The orc closely misses you. The orc wizard hits you with a dagger.
You die...

#.#.#........#####
#.#.#............. #
#.#.#........#####
.#.####.#.#.#.........<#
........(....)........##
........................
#'####.#.#.###...####.#
#o#.#.# #.....##.#
#@#.#.# #.....##.#
#o#.#.# #.....##.#
#(#.#.# #...####.#
#.#.#.# #...####..
#.#.#.# #...##.... #.#
#.... { #.# #.... #(#
#.... #####


You could see an orc wizard (invisible) and an orc.

Vanquished Creatures
  An orc priest (D:3)
  An orc wizard (D:3)
  4 adders
  A worm (D:3)
  2 dart slugs
  3 leopard geckos
  5 orcs (D:3)
  5 giant cockroaches
  8 hobgoblins
  2 jackals (D:2)
  A quokka (D:2)
  A bat (D:1)
  4 frilled lizards
  7 goblins
  6 kobolds
  5 rats
56 creatures vanquished.

Notes
Turn   | Place    | Note
-------+----------+-------------------------------------------
     0 | D:1      | Herrn the Formicid Wanderer began the quest for the Orb.
     0 | D:1      | Herrn set off with: a +2 hand crossbow, 28 bolts, 2 potions of lignification, a +0 robe, a bread ration
     0 | D:1      | Reached XP level 1. HP: 18/18 MP: 1/1
   243 | D:1      | Reached XP level 2. HP: 24/24 MP: 2/2
   776 | D:1      | Reached XP level 3. HP: 29/29 MP: 3/3
  1026 | D:2      | Found a bloodstained altar of Trog.
  1475 | D:2      | Found an iron altar of Okawaru.
  1573 | D:2      | Became a worshipper of Warmaster Okawaru
  2082 | D:2      | Reached XP level 4. HP: 28/37 MP: 4/4
  2231 | D:3      | Reached skill level 5 in Crossbows
  2350 | D:3      | Reached skill level 1 in Axes
  2466 | D:3      | Reached XP level 5. HP: 30/42 MP: 5/5
  2846 | D:3      | Slain by an orc wizard

Vault maps used:
D:1:      dpeg_arrival_short_road, minmay_misc_feat_tiny
D:2:      bloody_trog, overflow_temple_1_default, first_bread, item_on_display_a
D:3:      ashenzari_altar_1, led_sif_pool, grunt_ministairs_6

Skill      XL: |  1  2  3  4 |
---------------+-------------+-----
Crossbows      | 5 |  5.7
Axes           | 1 |  1.5
Fighting       | 4 |  4.1
Armour         | |  1.2
Shields        | |  1.2
Evocations     | |  1.1

Action                   |  1- 3 |  4- 6 || total
-------------------------+-------+-------++-------
Melee: Hand axe          |    32 |     3 ||    35
 Fire: Hand crossbow     |    54 |    53 ||   107
 Abil: Dig               |     1 |       ||     1
  Eat: Chunk             |     2 |     3 ||     5
Armor: Robe              |     5 |     6 ||    11
Dodge: Dodged            |    40 |    17 ||    57

Table legend:
 A = Spawn XP
 B = Non-spawn XP
 C = Spawn XP percentage of total XP
 D = Spawn monster count
 E = Non-spawn monster count
 F = Spawn count percentage of total count
 G = Total turns spent on level
                    A         B        C        D         E        F      G
               +---------+---------+-------+---------+---------+-------+---------
         Total |      24 |     202 |  10.6 |       7 |      49 |  12.5 |  2846
               +---------+---------+-------+---------+---------+-------+---------
           D:1 |       4 |      28 |  12.5 |       2 |      17 |  10.5 |   979
           D:2 |       6 |      31 |  16.2 |       3 |      11 |  21.4 |  1249
           D:3 |      14 |     143 |   8.9 |       2 |      21 |   8.7 |   618
               +---------+---------+-------+---------+---------+-------+---------
